 Dungeon Crawl Stone Soup version 0.31-a0-1370-gf52a5a9ab3 (webtiles) character file.

Game seed: 4479103391303684697

3418 croobank the Sneak (level 9, -3/71 HPs)
             Began as a Demigod Fire Elementalist on Dec 24, 2023.
             Slain by a wight
             ... wielding a +2 falchion of freezing
              (8 damage)
             ... on level 8 of the Dungeon.
             The game lasted 00:13:47 (7137 turns).

croobank the Sneak (Demigod Fire Elementalist)      Turns: 7137, Time: 00:13:47

Health: -3/71      AC:  8    Str:  9    XL:     9   Next: 47%
Magic:  16/28      EV: 14    Int: 35    God:
Gold:   388        SH:  0    Dex: 14    Spells: 7/17 levels left

rFire   + . .        d - +0 dagger
rCold   + . .        (no shield)
rNeg    . . .        x - +1 robe {rC+ rF+}
rPois   .            w - +0 helmet
rElec   .            o - +0 cloak
rCorr   .            f - +1 pair of gloves
SInv    .            q - +0 pair of boots
Will    .....        n - amulet of magic regeneration
Stlth   +++          t - ring of magical power
HPRegen 0.31/turn    m - +6 ring of intelligence
MPRegen 0.61/turn

%: no passive effects
@: no status effects
A: high MP 1, forlorn, divine attributes
a: no special abilities


You were on level 8 of the Dungeon.
You visited 1 branch of the dungeon, and saw 9 of its levels.

You collected 388 gold pieces.

Inventory:

Hand Weapons
 d - a +0 dagger (weapon)
 h - a +0 hand axe
 i - a +1 trident of venom
 v - a +0 war axe
 y - a +2 quarterstaff of chaos
 N - a +0 long sword
 O - a +0 long sword of protection
 P - a +2 dagger
Missiles
 r - 4 boomerangs
 M - 18 poisoned darts
Armour
 f - a +1 pair of gloves (worn)
 o - a +0 cloak (worn)
 p - a +0 ring mail
 q - a +0 pair of boots (worn)
 w - a +0 helmet (worn)
 x - a +1 robe of resistance (worn)
 G - a +0 troll leather armour
Magical Staves
 F - a staff of cold
Jewellery
 g - a +5 ring of evasion
 m - a +6 ring of intelligence (right hand)
 n - an amulet of magic regeneration (around neck)
 t - a ring of magical power (left hand)
 E - a ring of positive energy
 J - a ring of willpower
Talismans
 B - a flux talisman
Wands
 j - a wand of flame (20)
 A - a wand of roots (31)
 D - a wand of polymorph (8)
Scrolls
 l - a scroll of amnesia
 z - a scroll of immolation
 K - a scroll of revelation
 L - 2 scrolls of identify
Potions
 a - 2 potions of enlightenment {unknown}
 b - 2 potions of magic
 c - a potion of might
 e - 2 potions of attraction
 k - 3 potions of haste
 s - 2 potions of cancellation
 u - 3 potions of brilliance
 C - 2 potions of curing
 H - 2 potions of ambrosia
 I - 4 potions of heal wounds


   Skills:
 + Level 4.1 Fighting
 + Level 5.1 Dodging
 + Level 5.5 Stealth
 + Level 4.6 Spellcasting
 + Level 4.7 Conjurations
 - Level 5.0 Hexes
 + Level 5.4 Fire Magic


You had 7 spell levels left.
You knew the following spells:

 Your Spells              Type           Power      Damage    Failure   Level
a - Foxfire               Conj/Fire      100%       2x1d9     1%          1
b - Scorch                Fire           92%        2d8       1%          2
c - Inner Flame           Hex/Fire       44%        N/A       1%          3
d - Flame Wave            Conj/Fire      44%        2d11      5%          4

Your spell library contained the following spells:

 Spells                   Type           Power      Damage    Failure   Level
 Jinxbite                 Hex            86%        N/A       1%          2
 Apportation              Tloc           16%        N/A       4%          1
 Necrotise                Necr           32%        1d5       4%          1
 Volatile Blastmotes      Fire/Tloc      54%        2d14      4%          3
 Frozen Ramparts          Ice            16%        1d3       13%         3
 Fugue of the Fallen      Necr           8%         N/A       13%         3
 Leda's Liquefaction      Alch/Erth      4%         N/A       41%         4
 Petrify                  Alch/Erth      8%         N/A       41%         4
 Metabolic Englaciation   Hex/Ice        12%        N/A       41%         5
 Alistair's Intoxication  Alch           5%         N/A       77%         5


Dungeon Overview and Level Annotations

Branches:
Dungeon (9/15)             Temple (0/1) D:7
   Lair: D:8-11         Orc: D:9-12


Innate Abilities, Weirdness & Mutations

You have an increased reservoir of magic. (+10% MP)
You shall have no god before yourself.
Your divine heritage dramatically boosts your attributes as you level up.


Message History

The flame wave engulfs the steam dragon!
The steam dragon is almost dead.
The flame wave engulfs the hornet!
You kill the hornet!
You finish channelling waves of flame.
A wight comes into view.
It is wielding a +2 falchion of freezing.
The steam dragon bites you! The steam dragon barely misses you.
The steam dragon bites you!
* * * LOW HITPOINT WARNING * * *
The steam dragon closely misses you.
Your Fighting skill increases to level 4!
Casting: Flame Wave (dangerous; 5% risk of failure)
Confirm with . or Enter, or press ? or * to list all spells.
Flames lash the steam dragon.
You kill the steam dragon!
You hear a shout!
An orc warrior comes into view. It is wielding a +0 trident.
An orc comes into view. It is wielding a +0 dagger.
The orc shouts!
An orc comes into view. It is wielding a +0 war axe.
A wight comes into view. It is wielding a +0 dire flail.
A troll comes into view.
An orc wizard comes into view. It is wielding a +0 dagger.
The orc moves out of view.
The wight moves out of view.
You feel yourself speed up. The wight attacks as it pursues you!
The wight barely misses you.
There is a stone staircase leading up here.
The wight hits you with a +2 falchion of freezing!
* * * LOW HITPOINT WARNING * * *
The wight freezes you.
* * * LOW HITPOINT WARNING * * *
You climb upwards.
There is a stone staircase leading down here.
Casting: Scorch (safe; 1% risk of failure)
Confirm with . or Enter, or press ? or * to list all spells.
Flames lash the wight.
The wight is heavily damaged.
The wight's fire resistance burns away.
The wight hits you with a +2 falchion of freezing!
You die...

.#...#.....#.....................
#.....#....#....................)
#.~~~.#....#....................)
#~...~#..#.##....##.....##......#
#~._.~#.##.###'####.....##......#
#~...~#.##.......#########......)
#.~~~.#.##........# #........
#.....#.##.....z..# #........
.#...#.###......@.# ##......#
..#.#..# #..##...## ########
##.#...#######...## #
.#...........#....# #
.#...........#....# #
.#...........#....# #
.#...........#....# #
.#.#...##....#....# #
.####...##..##...## #


You could see a wight (combustible).

Vanquished Creatures
  A hornet (D:9)
  A troll (D:8)
  Sigmund (D:3)
  A ynoxinul (D:8)
  A wraith (D:8)
  A steam dragon (D:9)
  2 water moccasins
  2 ice beasts
  5 centaurs
  3 kobold brigands (D:8)
  4 bullfrogs
  2 scorpions (D:7)
  6 wights
  3 howler monkeys
  2 jellies (D:5)
  2 hounds
  3 orc priests
  Crazy Yiuf (D:3)
  4 iguanas
  5 orc wizards
  Robin (D:3)
  5 adders
  A shadow imp (D:6)
  A bombardier beetle (D:6)
  A worm (D:2)
  2 dart slugs
  18 orcs
  5 ball pythons
  2 endoplasms (D:1)
  A giant cockroach (D:1)
  11 goblins
  8 hobgoblins
  4 jackals (D:4)
  12 kobolds
  5 quokkas
  3 bats (D:1)
  3 frilled lizards (D:3)
  3 rats
136 creatures vanquished.

Vanquished Creatures (others)
  A howler monkey (D:9)
  393 foxfires
394 creatures vanquished.

Grand Total: 530 creatures vanquished

Notes
Turn   | Place    | Note
-------+----------+-------------------------------------------
     0 | D:1      | croobank the Demigod Fire Elementalist began the quest for
                  | the Orb.
     0 | D:1      | Reached XP level 1. HP: 14/14 MP: 5/5
    23 | D:1      | Reached skill level 1 in Conjurations
   290 | D:1      | Reached XP level 2. HP: 20/20 MP: 4/7
   320 | D:1      | Learned a level 2 spell: Scorch
  2144 | D:3      | Reached XP level 3. HP: 26/26 MP: 8/8
  2327 | D:3      | Noticed Robin
  2343 | D:3      | Killed Robin
  2345 | D:3      | Killed Sigmund
  2346 | D:3      | Reached XP level 4. HP: 13/33 MP: 2/10
  2346 | D:3      | Reached XP level 5. HP: 15/38 MP: 2/11
  2588 | D:3      | Learned a level 3 spell: Inner Flame
  2908 | D:3      | Found a runed translucent door.
  2909 | D:3      | Noticed Crazy Yiuf
  2917 | D:3      | Killed Crazy Yiuf
  3062 | D:4      | Reached XP level 6. HP: 46/46 MP: 13/13
  3524 | D:5      | Entered Level 5 of the Dungeon
  3784 | D:5      | Reached skill level 1 in Hexes
  3963 | D:5      | Reached skill level 1 in Fighting
  4304 | D:6      | Reached XP level 7. HP: 44/52 MP: 14/14
  5046 | D:7      | Found a staircase to the Ecumenical Temple.
  5168 | D:7      | Reached XP level 8. HP: 57/62 MP: 16/16
  5702 | D:7      | Learned a level 4 spell: Flame Wave
  6152 | D:8      | Noticed a troll
  6163 | D:8      | Killed a troll
  6242 | D:8      | Got Sif Muna's Folio of Lamentation
  6352 | D:8      | Reached skill level 5 in Fire Magic
  6352 | D:8      | Reached XP level 9. HP: 63/70 MP: 18/18
  6506 | D:8      | Reached skill level 5 in Stealth
  6887 | D:8      | Reached skill level 5 in Hexes
  7128 | D:9      | Reached skill level 5 in Dodging
  7137 | D:8      | Slain by a wight

Illustrated notes

Levels and vault maps discovered:
D:1:      lightli_arrival_statuegarden, layout_basic,
          nicolae_ecumenical_lake_church
D:2:      layout_basic, palyth_stone_intersect, kennysheep_cross_bottleneck
D:3:      layout_basic, nicolae_vehumet_altar_sigil, item_on_display_a,
          uniq_sigmund, uniq_crazy_yiuf_cottage, uniq_robin
D:4:      layout_loops_ring, cheibriados_altar_1, nzn_wu_jian_council_hall
D:5:      layout_gridville, lemuel_round_altar, nemelex_spade_bored_becter,
          mainiacjoe_overflow_paths, minmay_fountain_box
D:6:      layout_rooms, nicolae_overflow_hidden_temple
D:7:      layout_cave_pods, minmay_temple_entry_stoned_glass
D:8:      layout_gridville, nzn_overflow_gifts_of_might_and_magic,
          nicolae_ru_awakened_eye
D:9:      gammafunk_jiyva_shrine, layout_rooms

Skill      XL: |  1  2  3  4  5  6  7  8  9 |
---------------+----------------------------+-----
Conjurations   | 1 2 3 4 |  4.7
Stealth        | 2 3 4 5 |  5.5
Dodging        | 2 3 4 5 |  5.1
Spellcasting   | 2 3 4 |  4.6
Fire Magic     | 3 4 5 |  5.4
Hexes          | 1 3 4 5 |  5.0
Fighting       | 1 2 3 4 |  4.1

Action                     |  1- 3 |  4- 6 |  7- 9 || total
---------------------------+-------+-------+-------++-------
  Melee: Unarmed           |     4 |       |       ||     4
         Dagger            |     6 |     9 |    14 ||    29
         Punch             |       |     1 |       ||     1
   Cast: Foxfire           |    65 |    58 |   115 ||   238
         Scorch            |    18 |    38 |    69 ||   125
         Flame Wave        |       |       |     1 ||     1
    Use: Scroll            |       |     6 |    13 ||    19
 Armour: Robe              |    10 |    16 |    66 ||    92
  Dodge: Dodged            |    20 |    20 |    82 ||   122

Table legend: (Time is in decaauts)
 A = Elapsed time spent in this place.
 B = Non-inter-level travel time spent in this place.
 C = Inter-level travel time spent in this place.
 D = Time resting spent in this place.
 E = Time spent auto-exploring this place.
 F = Levels seen in this place.
 G = Mean time per level.
                   A        B        C        D        E       F      G
               +--------+--------+--------+--------+--------+-----+--------+
         Total |   7142 |   6944 |    198 |   1007 |   4770 |   9 |  793.6 |
       Dungeon |   7142 |   6944 |    198 |   1007 |   4770 |   9 |  793.6 |
               +--------+--------+--------+--------+--------+-----+--------+

Top non-repeatable levels by time:
     D:8: 1248 daAuts
     D:2: 1135 daAuts
     D:7: 1036 daAuts
     D:3: 1003 daAuts
     D:1: 858 daAuts
     D:6: 684 daAuts
     D:5: 613 daAuts
     D:4: 524 daAuts
     D:9: 37 daAuts
